 Dungeon Crawl Stone Soup version 0.25-a0-71-ge910a4a285 (webtiles) character file.

Game seed: 15283172251858333085, levelgen mode: deterministic

10389 Amnesiac the Geomancer (level 11, -3/72 HPs)
             Began as a Vampire Earth Elementalist on Nov 3, 2019.
             Was a Believer of Ashenzari.
             Slain by a death yak (16 damage)
             ... on level 9 of the Dungeon.
             The game lasted 00:37:06 (12856 turns).

Amnesiac the Geomancer (VpEE)                      Turns: 12856, Time: 00:37:06

Health: -3/72      AC:  6    Str:  9    XL:     11   Next: 35%
Magic:  2/21       EV: 14    Int: 18    God:    Ashenzari [**....]
Gold:   252        SH:  9    Dex: 18    Spells: 2/23 levels left

rFire    . . .     SeeInvis +   f - +0 dagger (curse)
rCold    + . .     Gourm    .   b - +3 buckler (curse)
rNeg     . . .     Faith    .   C - +1 leather armour {rC+}
rPois    +         Spirit   .   (no helmet)
rElec    .         Reflect  .   (no cloak)
rCorr    .         Harm     .   a - +0 pair of gloves
MR       +....                  q - +0 pair of boots
Stlth    +++.......             (no amulet)
HPRegen  0.42/turn              i - ring of poison resistance (curse)
MPRegen  0.17/turn              u - ring of attention (curse)

@: regenerating quickly
A: no food, fangs 3, see invisible, strong 1, wild magic 1, unbreathing
a: Exsanguinate, Curse Item, Scrying, Renounce Religion


You were on level 9 of the Dungeon.
You worshipped Ashenzari.
Ashenzari was pleased with you.
You were alive.

You visited 2 branches of the dungeon, and saw 11 of its levels.

You collected 472 gold pieces.
You spent 220 gold pieces at shops.

Inventory:

Hand Weapons
 e - a +0 vampiric dagger
 f - a cursed +0 dagger (weapon)
 h - a cursed +3 demon blade of electrocution
 H - the +11 war axe of Foul Odors {protect, Int+3}
   (You found it on level 7 of the Dungeon)

   It grants its wielder temporary protection when it strikes (+7 to AC).
   It affects your intelligence (+3).
 L - the +7 trident of Aboif {pain, +Blink rPois rF+ Int+2}
   (You found it on level 9 of the Dungeon)

   In the hands of one skilled in necromantic magic, it inflicts extra damage on
   living creatures.
   It affects your intelligence (+2).
   It protects you from fire.
   It protects you from poison.
   It lets you blink.
Missiles
 n - 128 stones (quivered)
Armour
 a - a +0 pair of gloves (worn)
 b - a cursed +3 buckler (worn)
 q - a +0 pair of boots (worn)
 C - a +1 leather armour of cold resistance (worn)
Jewellery
 i - a cursed ring of poison resistance (left hand)
 u - a cursed ring of attention (right hand)
 x - an uncursed ring of fire
 y - an uncursed ring of flight
Wands
 c - a wand of digging (8)
 F - a wand of acid (8)
 G - a wand of polymorph (5)
 I - a wand of iceblast (12)
 K - a wand of flame (30)
Scrolls
 d - 4 scrolls of remove curse {!r}
 g - 2 scrolls of enchant armour {!r}
 l - 2 scrolls of blinking {!r}
 m - 6 scrolls of teleportation {!r}
 s - 2 scrolls of fear {!r}
 v - 4 scrolls of magic mapping {!r}
 w - a scroll of fog {!r}
 D - 2 scrolls of amnesia {!r}
 J - a scroll of enchant weapon {!r}
 N - a scroll of vulnerability {!r}
Potions
 j - 2 potions of agility {!q}
 k - 2 potions of invisibility {!q}
 o - 2 potions of heal wounds {!q}
 p - 4 potions of berserk rage {!q}
 r - a potion of brilliance {!q}
 z - a potion of lignification {!q}
 A - a potion of magic {!q}
 B - 2 potions of curing {!q}


   Skills:
 - Level 2.1 Fighting
 - Level 9.5(11.7) Short Blades
 - Level 4.0 Dodging
 - Level 9.5 Stealth
 - Level 4.0(5.3) Shields
 + Level 6.8 Spellcasting
 - Level 6.5(8.0) Transmutations
 - Level 10.0(11.4) Earth Magic


You had 2 spell levels left.
You knew the following spells:

 Your Spells              Type           Power        Failure   Level  Hunger
a - Sandblast             Erth           ######       1%          1    N/A
b - Passwall              Tmut/Erth      ######..     1%          2    N/A
c - Mephitic Cloud        Conj/Pois/Air  #.......     50%         3    N/A
d - Lee's Rapid Deconstr  Erth           ######....   7%          5    N/A
e - Petrify               Tmut/Erth      ######..     4%          4    N/A
s - Conjure Flame         Conj/Fire      #.......     50%         3    N/A
v - Blink                 Tloc           N/A          30%         2    N/A
z - Confusing Touch       Hex            #.....       21%         1    N/A

Your spell library contained the following spells:

 Spells                   Type           Power        Failure   Level  Hunger
 Corona                   Hex            #......      21%         1    N/A
 Magic Dart               Conj           #...         21%         1    N/A
 Call Imp                 Summ           #.......     30%         2    N/A
 Ensorcelled Hibernation  Hex/Ice        #.....       30%         2    N/A
 Searing Ray              Conj           #.....       30%         2    N/A
 Slow                     Hex            #.......     30%         2    N/A
 Stone Arrow              Conj/Erth      #####.       7%          3    N/A
 Confuse                  Hex            #.......     50%         3    N/A
 Dazzling Spray           Conj/Hex       #.....       50%         3    N/A
 Gell's Gravitas          Tloc           #.........   50%         3    N/A
 Tukima's Dance           Hex            #.......     50%         3    N/A
 Yara's Violent Unravell  Hex/Tmut       ####......   71%         5    N/A
 Force Lance              Conj/Tloc      #.......     87%         4    N/A
 Fulminant Prism          Conj/Hex       #.........   87%         4    N/A
 Iskenderun's Mystic Bla  Conj           #.......     87%         4    N/A
 Metabolic Englaciation   Hex/Ice        #.........   99%         5    N/A

Dungeon Overview and Level Annotations

Branches:
Dungeon (10/15)            Temple (1/1) D:7
   Lair: D:8-11         Orc: D:9-12

Altars:
Ashenzari
Cheibriados
Dithmenos
Elyvilon
Fedhas
Gozag
Hepliaklqana
Kikubaaqudgha
Makhleb
Nemelex Xobeh
Okawaru
Qazlal
Ru
Sif Muna
Trog
Uskayaw
Vehumet
Wu Jian
Xom
Yredelemnul
Zin
The Shining One

Shops:
D:8 :


Innate Abilities, Weirdness & Mutations

You do not eat.
Your natural rate of healing is unusually fast.
You have razor-sharp teeth.
You have supernaturally acute eyesight. (SInv)
You can survive without breathing.
Your muscles are strong. (Str +2)
Your spells are a little harder to cast, but a little more powerful.


Message History

Press: ? - help, Shift-Dir - straight line, f - death yak
Aim: a death yak (chance to defeat MR: 11%)
The death yak resists with almost no effort.
The death yak misses you. The death yak gores you!!
There is a stone staircase leading down here.
The death yak completely misses you.
Things that are here:
a +0 large shield; a +0 robe; a +0 club
Casting: Petrify (safe; 4% risk of failure)
Confirm with . or Enter, or press ? or * to list all spells.
Aiming: Petrify (safe; 4% risk of failure)
Press: ? - help, Shift-Dir - straight line, f/p - death yak
Aim: a death yak (chance to defeat MR: 11%)
The death yak resists with almost no effort.
The death yak gores you!!
* * * LOW HITPOINT WARNING * * *
You see here a cursed -3 morningstar.
Press: ? - help, v - describe, . - travel The floor, spattered with blood.
Casting: Petrify (safe; 4% risk of failure)
Confirm with . or Enter, or press ? or * to list all spells.
Aiming: Petrify (safe; 4% risk of failure)
Press: ? - help, Shift-Dir - straight line, f/p - death yak
Aim: a death yak (chance to defeat MR: 11%)
The death yak resists with almost no effort.
The death yak gores you!
* * * LOW HITPOINT WARNING * * *
The death yak closely misses you.
You see here a +0 spear.
The death yak completely misses you.
Casting: Petrify (safe; 4% risk of failure)
Confirm with . or Enter, or press ? or * to list all spells.
Aiming: Petrify (safe; 4% risk of failure)
Press: ? - help, Shift-Dir - straight line, f/p - death yak
Aim: a death yak (chance to defeat MR: 11%)
The death yak resists with almost no effort.
The death yak gores you but does no damage.
Casting: Petrify (safe; 4% risk of failure)
Confirm with . or Enter, or press ? or * to list all spells.
Aiming: Petrify (safe; 4% risk of failure)
Press: ? - help, Shift-Dir - straight line, f/p - death yak
Aim: a death yak (chance to defeat MR: 11%)
The death yak resists with almost no effort.
The death yak gores you!!
* * * LOW HITPOINT WARNING * * *
You see here an arrow.
Things that are here:
15 arrows; a +0 shortbow
There is a stone staircase leading up here.
Casting: Petrify (safe; 4% risk of failure)
Confirm with . or Enter, or press ? or * to list all spells.
Aiming: Petrify (safe; 4% risk of failure)
Press: ? - help, Shift-Dir - straight line, f/p - death yak
Aim: a death yak (chance to defeat MR: 11%)
The death yak resists with almost no effort.
Unknown command.
The death yak gores you.
* * * LOW HITPOINT WARNING * * *
The death yak gores you!!
* * * LOW HITPOINT WARNING * * *
The death yak snorts and paws the ground.
The death yak gores you!
You die...

##....<## #........>##
#.......# #......##..###
##.......####....#####..##
#.........# #...## ###..#
#.........# #...# ##.....
#.......).# ##.#####......
#.........# #..###........
#.........# #.###.........
#........@###.##..........
#.....(.Y.##..#..........#
##........##.#..........##
##.......##.#.........##
##......#..#........##
########.##....>.###
#..##.....## #..##...###
##.#######


You could see a death yak.

Vanquished Creatures
  Harold (D:7)
  A tengu warrior (D:10)
  2 skeletal warriors (D:9)
  A troll (D:10)
  Prince Ribbit (D:7)
  2 hippogriffs (D:9)
  10 yaks
  Menkaure (D:6)
  A steam dragon (D:8)
  A water moccasin (D:9)
  5 ice beasts
  3 sky beasts
  A black bear (D:10)
  A necrophage (D:4)
  6 centaurs
  6 ogres
  The ghost of AarnesTheHuman the Chiller, an amateur MfIE (D:4)
  Blork the orc (D:4)
  11 bullfrogs
  A gnoll sergeant (D:7)
  2 water moccasin zombies
  A scorpion (D:10)
  4 killer bees (D:10)
  9 wights (D:8)
  6 howler monkeys
  A bullfrog zombie (D:8)
  5 crimson imps
  A jelly (D:10)
  5 hounds
  An orc priest (D:5)
  A bullfrog skeleton (D:4)
  3 centaur skeletons
  2 gnoll shamans
  4 iguanas
  3 worker ants
  3 orc wizards
  A howler monkey zombie (D:5)
  A worker ant zombie (D:5)
  12 gnolls
  A howler monkey skeleton (D:4)
  15 adders
  3 shadow imps
  A white imp (D:5)
  3 worms
  2 adder skeletons (D:4)
  5 dart slugs
  2 leopard geckos
  20 orcs
  4 giant cockroaches
  5 goblins
  8 hobgoblins
  10 jackals
  4 quokkas
  A ball python (D:3)
  4 bats
  6 frilled lizards
  2 giant cockroach zombies (D:5)
  10 kobolds
  A leopard gecko zombie (D:5)
  A quokka skeleton (D:5)
  4 rats
234 creatures vanquished.

Vanquished Creatures (others)
  A quokka (D:6)
1 creature vanquished.

Grand Total: 235 creatures vanquished

Notes
Turn   | Place    | Note
-------+----------+-------------------------------------------
     0 | D:1      | Amnesiac the Vampire Earth Elementalist began the quest for
                  | the Orb.
     0 | D:1      | Reached XP level 1. HP: 13/13 MP: 3/3
   136 | D:1      | Reached XP level 2. HP: 3/19 MP: 1/5
   170 | D:1      | Learned a level 2 spell: Passwall
   253 | D:2      | Reached skill level 4 in Earth Magic
   253 | D:2      | Reached XP level 3. HP: 22/24 MP: 4/6
   397 | D:3      | Found a faded altar of an unknown god.
   448 | D:4      | Noticed an ogre
   453 | D:4      | Killed an ogre
   453 | D:4      | Reached XP level 4. HP: 30/30 MP: 2/7
   485 | D:4      | Reached XP level 5. HP: 24/35 MP: 3/8
   507 | D:4      | Learned a level 5 spell: Lee's Rapid Deconstruction
  1110 | D:3      | Reached skill level 5 in Earth Magic
  1278 | D:4      | Reached XP level 6. HP: 39/41 MP: 9/9
  1279 | D:4      | Found a large runed translucent door.
  1280 | D:4      | Found a large runed translucent door.
  1322 | D:4      | Noticed Blork the orc
  1343 | D:4      | Reached skill level 1 in Fighting
  1350 | D:4      | Killed Blork the orc
  1609 | D:4      | Noticed AarnesTheHuman's ghost (amateur MfIE)
  1776 | D:4      | Killed AarnesTheHuman's ghost
  1776 | D:4      | Reached skill level 6 in Earth Magic
  1776 | D:4      | Reached XP level 7. HP: 14/48 MP: 3/11
  1819 | D:4      | Learned a level 4 spell: Petrify
  1820 | D:5      | Entered Level 5 of the Dungeon
  2263 | D:5      | Reached skill level 7 in Earth Magic
  3188 | D:5      | Reached skill level 1 in Shields
  3188 | D:5      | Reached XP level 8. HP: 53/53 MP: 1/12
  3744 | D:6      | Found a stormy altar of Qazlal.
  5094 | D:2      | Gained mutation: You are dopey. (Int -2) [potion of
                  | mutation]
  5094 | D:2      | Gained mutation: Your spells are a little harder to cast,
                  | but a little more powerful. [potion of mutation]
  5094 | D:2      | Lost mutation: You are dopey. (Int -2) [potion of mutation]
  5094 | D:2      | Gained mutation: Your muscles are strong. (Str +2) [potion
                  | of mutation]
  5263 | D:3      | Reached skill level 8 in Earth Magic
  5602 | D:6      | Found a white marble altar of Elyvilon.
  6261 | D:6      | Noticed Menkaure
  6270 | D:6      | Killed Menkaure
  6301 | D:6      | Found a sparkling altar of Nemelex Xobeh.
  6377 | D:6      | Found a shimmering blue altar of Sif Muna.
  6624 | D:7      | Found a staircase to the Ecumenical Temple.
  6633 | Temple   | Entered the Ecumenical Temple
  6665 | Temple   | Became a worshipper of Ashenzari the Shackled
  6761 | D:7      | Reached skill level 5 in Short Blades
  6761 | D:7      | Reached skill level 5 in Stealth
  6761 | D:7      | Reached XP level 9. HP: 50/58 MP: 1/13
  6871 | D:7      | Noticed Prince Ribbit
  6886 | D:7      | Killed Prince Ribbit
  7117 | D:7      | Noticed Harold
  7379 | D:7      | Killed Harold
  7383 | D:7      | Learned a level 2 spell: Blink
  7545 | D:7      | Identified the +11 war axe of Foul Odors {protect, Int+3}
  7589 | D:7      | Found a shimmering altar of Xom.
  7621 | D:7      | Found a snail-covered altar of Cheibriados.
  7636 | D:7      | Found an ancient bone altar of Kikubaaqudgha.
  7639 | D:7      | Found a glowing golden altar of the Shining One.
  7667 | D:7      | Found a blossoming altar of Fedhas.
  8508 | D:8      | Reached XP level 10. HP: 66/66 MP: 8/14
  8534 | D:8      | Found Baphon's Book Shop.
  8564 | D:8      | Reached * piety under Ashenzari
  8588 | D:8      | Bought a book of Misfortune for 220 gold pieces
  8590 | D:8      | Learned a level 1 spell: Confusing Touch
  8899 | D:8      | Reached skill level 5 in Transmutations
  9500 | D:9      | Identified the +7 trident of Aboif {pain, +Blink rPois rF+
                  | Int+2}
 10043 | D:9      | Reached skill level 9 in Earth Magic
 10725 | D:10     | Entered Level 10 of the Dungeon
 10734 | D:9      | Reached skill level 10 in Earth Magic
 10868 | D:10     | Noticed a skeletal warrior
 10868 | D:10     | Noticed a skeletal warrior
 10911 | D:9      | Killed a skeletal warrior
 11487 | D:9      | Killed a skeletal warrior
 11487 | D:9      | Reached XP level 11. HP: 66/71 MP: 0/16
 11653 | D:10     | Reached ** piety under Ashenzari
 11737 | D:10     | Noticed a tengu warrior
 11745 | D:10     | Killed a tengu warrior
 11745 | D:10     | Reached skill level 5 in Spellcasting
 12036 | D:10     | Noticed a death yak
 12210 | D:10     | Identified a scroll of acquirement {!r}
 12307 | D:10     | Noticed a death yak
 12307 | D:10     | Noticed a death yak
 12494 | D:10     | Learned a level 3 spell: Mephitic Cloud
 12498 | D:10     | Learned a level 3 spell: Conjure Flame
 12856 | D:9      | Slain by a death yak

Levels and vault maps discovered:
D:1:      nzn_arrival_crosshair, layout_basic
D:2:      layout_loops_ring
D:3:      layout_basic, chequers_ecumenical_altar_island
D:4:      layout_rooms, ebering_ghost_disaster_area, uniq_blork_the_orc
D:5:      layout_cave_pools, first_ration, minmay_fire_ice_demons
D:6:      layout_loops_corners, tgw_sif, nicolae_qazlal_general_emergency,
          nemelex_xobeh_ov_fountains_minmay, elyvilon_altar_4, uniq_menkaure
D:7:      layout_cave_pools, kennysheep_mini, grunt_temple_overflow_cloverleaf,
          minmay_temple_entry_large_hall, uniq_prince_ribbit1, uniq_harold
D:8:      layout_basic, serial_shops, shop
D:9:      layout_cave_pods
D:10:     layout_grid_maze, dpeg_lair_monsters, grunt_tengu_nest
Temple:   nicolae_temple_great_sept

Skill      XL: |  1  2  3  4  5  6  7  8  9 10 11 |
---------------+----------------------------------+-----
Earth Magic    | 4 5 6 7 8 10 | 10.0
Short Blades   | 2 3 5 8 9 |  9.5
Transmutations | 2 4 6 |  6.5
Dodging        | 3 4 |  4.0
Fighting       | 1 2 |  2.1
Spellcasting   | 3 6 |  6.8
Shields        | 1 4 |  4.0
Stealth        | 5 8 9 |  9.5

Action                   |  1- 3 |  4- 6 |  7- 9 | 10-12 || total
-------------------------+-------+-------+-------+-------++-------
Melee: Unarmed           |    62 |       |     8 |       ||    70
       Bite              |    11 |    28 |    78 |    18 ||   135
       Dagger            |    25 |   245 |   796 |   130 ||  1196
Throw: Stone             |       |     1 |       |       ||     1
 Cast: Sandblast         |     8 |    32 |    44 |    18 ||   102
       Passwall          |     1 |     7 |    12 |    25 ||    45
       Lee's Rapid Decon |       |     2 |       |    12 ||    14
       Petrify           |       |       |    72 |    60 ||   132
Invok: Curse Item        |       |       |     2 |       ||     2
  Use: Potion            |       |     1 |     4 |     3 ||     8
       Scroll            |       |       |    14 |     6 ||    20
 Stab: Sleeping          |     3 |     4 |    20 |    19 ||    46
       Petrified         |       |       |    49 |    21 ||    70
       Petrifying        |       |       |    20 |    21 ||    41
Armor: Robe              |    25 |    44 |    94 |       ||   163
       Skin              |       |       |     6 |       ||     6
       Leather armour    |       |       |    15 |    21 ||    36
Dodge: Dodged            |    69 |   166 |   372 |    59 ||   666
Block: Buckler           |       |       |   156 |    35 ||   191

Table legend:
 A = Non-vault XP
 B = Vault XP
 C = Vault XP percentage of total XP
 D = Non-vault monster count
 E = Vault monster count
 F = Vault count percentage of total count
                 A         B        C        D         E       F
            +---------+---------+-------+---------+---------+-------
      Total |   12248 |    2594 |  17.5 |     225 |       9 |   3.8
            +---------+---------+-------+---------+---------+-------
        D:1 |      55 |       0 |   0.0 |      23 |       0 |   0.0
        D:2 |     112 |       0 |   0.0 |      24 |       0 |   0.0
        D:3 |     114 |       0 |   0.0 |      25 |       0 |   0.0
        D:4 |     607 |     206 |  25.3 |      27 |       2 |   6.9
        D:5 |     488 |      60 |  10.9 |      16 |       2 |  11.1
        D:6 |     919 |     218 |  19.2 |      20 |       2 |   9.1
        D:7 |     820 |    1266 |  60.7 |      18 |       2 |  10.0
        D:8 |    2570 |       0 |   0.0 |      29 |       0 |   0.0
        D:9 |    3437 |       0 |   0.0 |      20 |       0 |   0.0
       D:10 |    3126 |     844 |  21.3 |      23 |       1 |   4.2
            +---------+---------+-------+---------+---------+-------
